 Dungeon Crawl Stone Soup version 0.20.1-1-g8b1a95d (webtiles) character file.

11878 homeworkjunkie the Cleaver (level 11, 0/99 HPs)
             Began as a Hill Orc Fighter on Dec 13, 2017.
             Was a High Priest of Okawaru.
             Slain by a yak (11 damage)
             ... on level 12 of the Dungeon.
             The game lasted 00:21:47 (10322 turns).

homeworkjunkie the Cleaver (Hill Orc Fighter)      Turns: 10322, Time: 00:21:48

Health: 0/99       AC: 23    Str: 22    XL:     11   Next: 84%
Magic:  15/15      EV: 11    Int:  5    God:    Okawaru [*****.]
Gold:   176        SH:  8    Dex: 14    Spells: 10/10 levels left

rFire    . . .     SeeInvis .   E - +4 scimitar (flame)
rCold    . . .     Gourm    .   B - +2 buckler {AC+3}
rNeg     . . .     Faith    .   L - +2 scale mail {MR+}
rPois    .         Spirit   .   q - +0 helmet
rElec    .         Reflect  .   r - +2 cloak
rCorr    .         Harm     .   d - +0 pair of gloves
MR       +....                  h - +2 pair of boots
Stlth    ..........             A - amulet of magic regeneration
Regen    0.3/turn               g - ring "Jafratt" {Int-3 Slay+5}
MPRegen  0.3/turn               b - +3 ring of dexterity

@: no status effects
A: no striking features
a: Heroism, Finesse, Renounce Religion


You were on level 12 of the Dungeon.
You worshipped Okawaru.
Okawaru was extremely pleased with you.
You were not hungry.

You visited 2 branches of the dungeon, and saw 13 of its levels.
You also visited: Sewer and Ossuary.

You collected 592 gold pieces.
You spent 416 gold pieces at shops.

Inventory:

Hand Weapons
 a - a +2 war axe
 E - a +4 scimitar of flaming (weapon)
Armour
 d - a +0 pair of gloves (worn)
 h - a +2 pair of boots (worn)
 q - a +0 helmet (worn)
 r - a +2 cloak (worn)
 B - a +2 buckler of protection (worn)
 L - a +2 scale mail of magic resistance (worn)
Jewellery
 b - a +3 ring of dexterity (right hand)
 g - the ring "Jafratt" (left hand) {Int-3 Slay+5}
   (You bought it in a shop on level 9 of the Dungeon)

   [ring of intelligence]

   It affects your intelligence (-3).
   It affects your accuracy and damage with ranged weapons and melee attacks
   (+5).
 s - an uncursed ring of poison resistance
 A - an amulet of magic regeneration (around neck)
 K - an uncursed ring of resist corrosion
Wands
 i - a wand of paralysis (9/24)
 o - a wand of acid (4/15)
 w - a wand of iceblast (7/15)
 y - a wand of iceblast (6/15)
 D - a wand of scattershot (2/9)
 F - a wand of confusion (26/48)
 I - a wand of disintegration (7/24)
Scrolls
 e - 9 scrolls of teleportation
 m - 2 scrolls of remove curse
 p - 2 scrolls of fear
 u - a scroll of magic mapping
 v - a scroll of identify
Potions
 j - 2 potions of curing
 k - 2 potions of cancellation
 l - a potion of mutation
 t - a potion of magic
 x - 2 potions of flight
 C - 2 potions of resistance
 G - 3 potions of might
Comestibles
 f - 4 bread rations
 z - 4 meat rations
 H - 13 fruits
 J - 4 royal jellies


   Skills:
 * Level 9.6 Fighting
 + Level 0.7 Long Blades
 * Level 14.6 Axes
 * Level 8.8 Armour
 + Level 1.6 Dodging
 + Level 0.6 Stealth
 * Level 9.0 Shields
 * Level 5.6 Evocations


You had 10 spell levels left.
You didn't know any spells.

Dungeon Overview and Level Annotations

Branches:
Dungeon (12/15)            Temple (1/1) D:6
   Lair: D:8-11         Orc: D:9-12

Altars:
Ashenzari
Kikubaaqudgha
Makhleb
Nemelex Xobeh
Okawaru
Qazlal
Ru
Trog
Xom
Yredelemnul
The Shining One

Shops:
D:4 %   D:5 :   D:6 (   D:9 =


Message History

You start resting.
The bullfrog gives a loud, deep croak!
You hear a shout!
You slash the bullfrog! You burn the bullfrog.
The bullfrog is severely wounded.
You block the bullfrog's attack.
The bullfrog hits you but does no damage.
You barely miss the bullfrog.
The bullfrog is severely wounded.
You block the bullfrog's attack. The bullfrog hits you.
* * * LOW HITPOINT WARNING * * *
You slash the bullfrog! You burn the bullfrog.
You kill the bullfrog!
Okawaru accepts your kill.
You slash the yak! You burn the yak.
The yak is moderately wounded.
The yak closely misses you.
You slice the yak!! You burn the yak.
The yak is almost dead.
The yak gores you!
You die...

.#. ### ... ...
#. .. .. ##..
.. .# ... .##.#
#.. ..[#
#..#####.†#
#...#.Y<†#
#..#@##.#
#####....# ..F
......#.####..#
####..........#
##.#.####.##
#.#<# # # #.#
#.# #.#


You could see a yak.

Vanquished Creatures
  2 hydras
  A two-headed ogre (D:10)
  Erica (D:8)
  Sonja (D:10)
  The ghost of othur the Basher, a novice GrBe of Trog (D:6)
  An ugly thing (D:9)
  A troll (D:10)
  A hornet (D:12)
  2 hippogriffs
  The ghost of Zeloya the Ducker, an amateur KoAE of Makhleb (D:4)
  2 dream sheep (D:8)
  5 yaks
  A hungry ghost (D:10)
  4 vampire mosquitoes (D:9)
  A water moccasin (D:9)
  2 orc warriors
  2 ice beasts
  2 sky beasts
  The ghost of homeworkjunkie the Skirmisher, an amateur HOFi (D:3)
  6 ogres
  A centaur (D:8)
  4 phantoms
  A necrophage (D:7)
  A crocodile (D:5)
  4 big kobolds
  2 elf zombies (Ossuary)
  9 bullfrogs
  A wyvern zombie (D:8)
  2 scorpions
  4 killer bees (D:10)
  A howler monkey (D:9)
  4 centaur zombies
  A bullfrog zombie (D:10)
  5 crimson imps
  2 quasits
  3 jellies
  A human zombie (Ossuary)
  4 orc priests
  A bullfrog skeleton (D:5)
  5 hounds
  Crazy Yiuf (D:2)
  9 orc wizards
  A centaur skeleton (D:4)
  7 worker ants
  6 iguanas
  2 hound zombies
  2 hound skeletons
  2 mummies (Ossuary)
  2 howler monkey skeletons
  4 gnolls (D:5)
  21 adders
  2 river rats
  2 shadow imps
  2 oozes
  2 adder skeletons
  5 adder zombies
  7 worms
  4 dart slugs
  4 leopard geckos
  25 orcs
  13 bats
  10 giant cockroaches
  8 goblins
  11 hobgoblins
  3 jackals (D:1)
  13 kobolds
  6 quokkas
  7 ball pythons
  6 frilled lizards
  A goblin zombie (Ossuary)
  7 hobgoblin zombies (Ossuary)
  2 jackal skeletons (D:4)
  A jackal zombie (Ossuary)
  6 kobold zombies (Ossuary)
  13 orc zombies (Ossuary)
  A quokka zombie (D:8)
  16 rats
328 creatures vanquished.

Notes
Turn   | Place    | Note
-------+----------+-------------------------------------------
     0 | D:1      | homeworkjunkie the Hill Orc Fighter began the quest for the Orb.
     0 | D:1      | Reached XP level 1. HP: 19/19 MP: 1/1
   138 | D:2      | Reached XP level 2. HP: 27/27 MP: 2/2
   212 | D:3      | Noticed homeworkjunkie's ghost (amateur HOFi)
   223 | D:3      | Killed homeworkjunkie's ghost
   223 | D:3      | Reached skill level 3 in Axes
   223 | D:3      | Reached XP level 3. HP: 27/34 MP: 3/3
   223 | D:3      | Reached XP level 4. HP: 33/41 MP: 4/4
   290 | D:3      | Found a shimmering altar of Xom.
   325 | D:3      | Reached skill level 4 in Axes
   325 | D:3      | Reached XP level 5. HP: 30/47 MP: 5/5
   541 | D:3      | Found a sacrificial altar of Ru.
   553 | D:3      | Reached XP level 6. HP: 54/55 MP: 6/6
   700 | D:3      | Reached skill level 5 in Axes
   709 | D:3      | Found a glowing drain.
   718 | Sewer    | Entered a sewer
  1052 | Sewer    | Reached skill level 5 in Fighting
  1096 | Sewer    | Reached skill level 6 in Axes
  1096 | Sewer    | Reached XP level 7. HP: 28/61 MP: 7/7
  1380 | D:4      | Reached skill level 5 in Armour
  1491 | D:4      | Found an iron altar of Okawaru.
  1497 | D:4      | Became a worshipper of Warmaster Okawaru
  1568 | D:4      | Found Viumi's Food Shop.
  1603 | D:4      | Found a sand-covered staircase.
  1608 | Ossuary  | Entered an ossuary
  1700 | Ossuary  | Reached skill level 5 in Shields
  1705 | Ossuary  | Reached skill level 7 in Axes
  1984 | Ossuary  | Reached XP level 8. HP: 66/69 MP: 8/8
  2018 | Ossuary  | Reached * piety under Okawaru
  2181 | D:3      | Reached skill level 8 in Axes
  2681 | D:1      | Found a sparkling altar of Nemelex Xobeh.
  3379 | D:2      | Found a glowing golden altar of the Shining One.
  3431 | D:2      | Found a runed door.
  3435 | D:2      | Noticed Crazy Yiuf
  3440 | D:2      | Killed Crazy Yiuf
  3509 | D:2      | Found a burning altar of Makhleb.
  4033 | D:4      | Reached skill level 9 in Axes
  4042 | D:5      | Entered Level 5 of the Dungeon
  4178 | D:4      | Noticed Zeloya's ghost (amateur KoAE)
  4192 | D:4      | Killed Zeloya's ghost
  4192 | D:4      | Reached skill level 1 in Evocations
  4935 | D:5      | Found Nugaw's Book Boutique.
  4974 | D:5      | Found a sparkling altar of Nemelex Xobeh.
  5065 | D:5      | Reached XP level 9. HP: 78/78 MP: 10/10
  5106 | D:5      | Found a basalt altar of Yredelemnul.
  5477 | D:5      | Found a stormy altar of Qazlal.
  5477 | D:5      | Found an ancient bone altar of Kikubaaqudgha.
  5486 | D:5      | Reached ** piety under Okawaru
  5486 | D:5      | Reached skill level 10 in Axes
  5496 | D:5      | Found a shattered altar of Ashenzari.
  5498 | D:5      | Found a faded altar of an unknown god.
  5500 | D:5      | Found a faded altar of an unknown god.
  5794 | D:6      | Noticed othur's ghost (novice GrBe)
  5828 | D:6      | Killed othur's ghost
  5828 | D:6      | Reached skill level 1 in Dodging
  6296 | D:6      | Reached *** piety under Okawaru
  6296 | D:6      | Reached skill level 11 in Axes
  6401 | D:6      | Received a gift from Okawaru
  6628 | D:6      | Found a staircase to the Ecumenical Temple.
  6643 | D:6      | Reached XP level 10. HP: 73/88 MP: 12/12
  6648 | Temple   | Entered the Ecumenical Temple
  6832 | D:6      | Found Xewn's Antique Weapon Boutique.
  7893 | D:7      | Noticed a moth of wrath
  7927 | D:7      | Got a shimmering trident {protect}
  7928 | D:7      | Identified the +8 trident "Orb Guardian's Peril" {protect, rF++ Dex-3} (You took it off an orc on level 7 of the Dungeon)
  7936 | D:7      | Found a bloodstained altar of Trog.
  7998 | D:8      | Reached **** piety under Okawaru
  7998 | D:8      | Reached skill level 12 in Axes
  8039 | D:8      | Found an iron altar of Okawaru.
  8104 | D:10     | Entered Level 10 of the Dungeon
  8134 | D:8      | Noticed Erica
  8150 | D:8      | Killed Erica
  8467 | D:9      | Reached ***** piety under Okawaru
  8770 | D:8      | Reached skill level 13 in Axes
  8813 | D:8      | Reached XP level 11. HP: 78/95 MP: 14/14
  8837 | D:8      | Noticed a two-headed hydra
  8845 | D:8      | Killed a one-headed hydra
  8845 | D:8      | Reached skill level 5 in Evocations
  9069 | D:9      | Noticed a purple ugly thing
  9081 | D:9      | Killed a purple ugly thing
  9081 | D:9      | Received a gift from Okawaru
  9301 | D:9      | Found Sehiviq's Jewellery Boutique.
  9304 | D:9      | Bought the cursed ring "Jafratt" {Int-3 Slay+5} for 416 gold pieces
  9466 | D:10     | Noticed a two-headed ogre
  9478 | D:10     | Killed a two-headed ogre
  9478 | D:10     | Reached skill level 14 in Axes
  9720 | D:10     | Noticed Sonja
  9729 | D:10     | Killed Sonja
 10279 | D:11     | Noticed a six-headed hydra
 10294 | D:11     | Paralysed by a hornet for 1 turns
 10294 | D:11     | HP: 1/97 [yak (9)]
 10307 | D:12     | Killed a two-headed hydra
 10322 | D:12     | Slain by a yak

Skill      XL: |  1  2  3  4  5  6  7  8  9 10 11 |
---------------+----------------------------------+-----
Fighting       | 4 5 6 7 8 9 |  9.6
Axes           | 3 4 6 7 9 11 13 14 | 14.6
Armour         | 4 5 7 8 |  8.8
Shields        | 4 5 6 8 9 |  9.0
Evocations     | 1 3 4 5 |  5.6
Dodging        | 1 |  1.6
Long Blades    | |  0.7
Stealth        | |  0.6

Action                   |  1- 3 |  4- 6 |  7- 9 | 10-12 || total
-------------------------+-------+-------+-------+-------++-------
Melee: War axe           |    24 |   241 |   616 |   359 ||  1240
       Scimitar          |       |       |       |    20 ||    20
Evoke: Wand              |       |       |     1 |    10 ||    11
  Use: Potion            |     1 |       |    10 |     4 ||    15
       Scroll            |       |       |    14 |    14 ||    28
  Eat: Bread ration      |       |     1 |     3 |     1 ||     5
       Fruit             |       |       |     2 |     4 ||     6
       Royal jelly       |       |       |     1 |     1 ||     2
       Meat ration       |       |       |       |     1 ||     1
Armor: Scale mail        |     6 |   143 |   151 |    75 ||   375
       Chain mail        |       |       |    90 |       ||    90
       Plate armour      |       |       |    45 |   154 ||   199
Dodge: Dodged            |     9 |    64 |   131 |    99 ||   303
Block: Shield            |    10 |   135 |   299 |   170 ||   614
       Buckler           |       |       |       |    26 ||    26
       Rpst.: Scimitar   |       |       |       |     4 ||     4
